 Dungeon Crawl Stone Soup version 0.32-a0-607-g64ea0e4219 (webtiles) character file.

Game seed: 13513092088650360662

14 flappity the Grasshopper (level 2, -2/2 HPs)
             Began as an Armataur Warper on Mar 3, 2024.
             Slain by a kobold
             ... wielding a +0 short sword
              (3 damage)
             ... on level 1 of the Dungeon.
             The game lasted 00:02:35 (327 turns).

flappity the Grasshopper (Armataur Warper)           Turns: 327, Time: 00:02:36

Health: -2/2       AC:  3    Str: 16    XL:     2   Next: 27%
Magic:  4/4        EV:  9    Int: 13    God:
Gold:   0          SH:  0    Dex:  9    Spells: 4/4 levels left

rFire   . . .        a - +0 spear
rCold   . . .        (no shield)
rNeg    . . .        b - melded +0 leather armour
rPois   .            (no helmet)
rElec   .            (no cloak)
rCorr   .            (no gloves)
SInv    .            (no barding)
Will    .....        (no amulet)
Stlth   +            (no ring)
HPRegen 0.20/turn    (no ring)
MPRegen 0.09/turn

%: roll
@: maw-form
A: devouring maw, reduced hp, large, deformed body, tough skin 3, armoured tail,
roll 1
a: Begin Untransformation


You were on level 1 of the Dungeon.
You were a creature with a mouth for a stomach.
You visited 1 branch of the dungeon, and saw 1 of its levels.


Innate Abilities, Weirdness & Mutations

You are a creature with a mouth for a stomach.
Your midsection houses a second, enormous mouth.
Your maximum health is decreased, since you lack skill for your form.
Armour fits poorly on your strangely shaped body.
You have extremely tough skin. (AC +3)
You have a long armoured tail.
You regenerate magic when rolling toward enemies. (Rampage MPRegen)


   Skills:
 * Level 2.1 Fighting
 + Level 1.7 Polearms
 - Level 0.8 Throwing
 + Level 1.6 Armour
 + Level 1.5 Dodging
 + Level 1.9 Spellcasting
 - Level 3.0 Translocations
 * Level 0.0 Shapeshifting


You had 4 spell levels left.
You didn't know any spells.
Your spell library contained the following spells:

 Spells                   Type           Power      Damage    Failure   Level
 Blink                    Tloc           18%        N/A       12%         2
 Lesser Beckoning         Tloc           18%        N/A       12%         2
 Teleport Other           Tloc           9%         N/A       22%         3
 Manifold Assault         Tloc           9%         N/A       58%         4
 Vhi's Electric Charge    Tloc/Air       10%        N/A       80%         4
 Conjure Ball Lightning   Conj/Air       0%         3x3d6     100%        6
 Discord                  Hex            0%         N/A       100%        8
 Disjunction              Tloc           4%         N/A       100%        8

Inventory:

Hand Weapons
 a - a +0 spear (weapon)
Missiles
 d - 7 darts of dispersal (quivered)
Armour
 b - a +0 leather armour (melded)
Talismans
 f - a maw talisman (active)
Scrolls
 c - a scroll of blinking
 e - a scroll of identify {unknown}


Message History

You open the door.
There is an open door here.
There is an open door here.
There is an open door here.
f - a maw talisman You open the door.
There is an open door here.
An endoplasm comes into view.
The endoplasm quivers.
You reach to attack!
You hit the endoplasm.
The endoplasm is moderately wounded.
You hit the endoplasm.
You kill the endoplasm!
No target in view!
No target in view!
No target in view!
Sorry, you're not good enough to have a special ability.
You turn into a creature with a mouth for a stomach.
Your +0 leather armour melds into your body.
You take 22 damage.
A kobold, a ball python and a hobgoblin come into view.
The kobold shouts!
The hobgoblin shouts!
The ball python hisses angrily.
You hear a loud squeak.
You hit the hobgoblin but do no damage. You tail-slap the hobgoblin.
The hobgoblin is almost dead.
The hobgoblin misses you.
You hit the hobgoblin.
You devour the hobgoblin!
You feel better.
You kill the hobgoblin!
You barely miss the ball python. The ball python barely misses you.
You hit the ball python but do no damage.
You bite the ball python, but do no damage.
The ball python barely misses you.
The ball python bites you but does no damage.
You closely miss the ball python. The ball python bites you.
Ouch! That really hurt!
You take 1 damage.
You hit the ball python.
You devour the ball python!
You feel better.
You kill the ball python!
You hit the kobold but do no damage. You bite the kobold, but do no damage.
The kobold completely misses you.
You hit the kobold.
The kobold is severely wounded.
The kobold hits you with a +0 short sword.
Ouch! That really hurt!
You take 1 damage.
You miss the kobold.
The kobold is moderately wounded.
The kobold hits you with a +0 short sword.
Ouch! That really hurt!
You die... ▒▒▒▒▒ ▒∙∙∙∙ ▒▒▒▒▒▒▒▒▒▒▒▒▒▒▒▒▒▒▒▒▒∙∙∙∙ ∙∙∙∙∙∙∙K∙∙∙∙∙∙∙∙∙∙∙∙'∙∙∙∙

▒▒∙∙∙∙∙▒W∙∙∙▒▒▒▒▒▒▒▒▒∙∙∙∙
▒∙∙∙∙∙▒∙∙∙∙▒ ▒∙∙∙∙
▒∙∙∙∙∙▒∙∙∙∙▒ ▒∙∙∙∙
∙∙∙∙∙∙∙▒∙∙∙∙▒ ▒∙∙∙∙
∙∙∙∙∙∙∙▒∙∙∙∙▒ ▒∙∙∙∙
∙∙∙K∙∙∙▒∙∙∙∙▒ ▒▒▒▒▒
∙∙∙∙∙∙∙▒∙∙∙∙▒ ▒∙∙∙∙▒ ▒▒
▒▒▒▒▒▒ ▒▒▒▒▒▒∙


You could see a kobold.

Vanquished Creatures
  2 ball pythons (D:1)
  An endoplasm (D:1)
  A goblin (D:1)
  A hobgoblin (D:1)
  3 jackals (D:1)
  A quokka (D:1)
  A bat (D:1)
  A kobold (D:1)
  A rat (D:1)
12 creatures vanquished.

Notes
Turn   | Place    | Note
-------+----------+-------------------------------------------
     0 | D:1      | flappity the Armataur Warper began the quest for the Orb.
     0 | D:1      | Reached XP level 1. HP: 17/17 MP: 3/3
   123 | D:1      | Reached skill level 2 in Fighting
   127 | D:1      | Found Bud Qics's Jewellery Shoppe.
   182 | D:1      | Reached XP level 2. HP: 24/24 MP: 4/4
   327 | D:1      | Slain by a kobold

Levels and vault maps discovered:
D:1:      amcnicky_arrival_single_pillar, layout_basic, serial_shops, shop

Action                     || total
---------------------------++-------
  Melee: Spear             ||    39
         Tailslap          ||     3
         Maw               ||     2
 Armour: Leather armour    ||    12
         Skin              ||     4
  Dodge: Dodged            ||    18
   Form: Maw               ||     1
